 Dungeon Crawl Stone Soup version 0.31.0-12-g77e489cdc1 (webtiles) character file.

Game seed: 13923245910444041798

2583 Peloso the Carver (level 9, -6/79 HPs)
             Began as a Minotaur Fighter on Feb 18, 2024.
             Killed by vampiric draining
             ... invoked by a vampire
              (12 damage)
             ... on level 7 of the Dungeon.
             The game lasted 00:17:04 (6029 turns).

Peloso the Carver (Minotaur Fighter)                Turns: 6029, Time: 00:17:05

Health: -6/79      AC: 21    Str: 20    XL:     9   Next: 32%
Magic:  8/8        EV:  9    Int:  5    God:
Gold:   402        SH:  6    Dex: 15    Spells: 8/8 levels left

rFire   . . .        a - +1 long sword (protect)
rCold   . . .        d - +0 buckler
rNeg    . . .        w - +0 chain mail
rPois   .            (helmet currently unavailable)
rElec   .            (cloak currently unavailable)
rCorr   .            (gloves currently unavailable)
SInv    .            (boots currently unavailable)
Will    .....        (no amulet) Stlth
                     q - +4 ring of protection
HPRegen 0.33/turn    (no ring)
MPRegen 0.11/turn

%: no passive effects
@: beast-form, under a protective aura
A: beast (slay +1), horns 2, retaliatory headbutt
a: Begin Untransformation


You were on level 7 of the Dungeon.
You were a hulking beast.
You visited 2 branches of the dungeon, and saw 8 of its levels.
You also visited: Ossuary.

You collected 402 gold pieces.

Inventory:

Hand Weapons
 a - a +1 long sword of protection (weapon)
 b - a +2 hand axe of flaming
Armour
 c - a +1 scale mail
 d - a +0 buckler (worn)
 m - a +1 cloak of stealth
 p - a +0 pair of gloves
 w - a +0 chain mail (worn)
Jewellery
 q - a +4 ring of protection (left hand)
 C - a ring of ice
Talismans
 k - a flux talisman
 l - a beast talisman (active)
Wands
 u - a wand of mindburst (23)
 B - a wand of quicksilver (12)
 F - a wand of polymorph (12)
Scrolls
 f - 4 scrolls of teleportation
 g - 2 scrolls of enchant armour
 h - a scroll of blinking
 i - 2 scrolls of fog
 o - 2 scrolls of revelation
 y - 2 scrolls of amnesia {unknown}
 z - 3 scrolls of torment {unknown}
 D - a scroll of enchant weapon
 E - a scroll of poison
 H - a scroll of silence
Potions
 j - 2 potions of cancellation
 n - 2 potions of mutation
 r - 3 potions of curing
 s - a potion of magic {unknown}
 t - a potion of attraction {unknown}
 v - 4 potions of haste {unknown}
 x - a potion of ambrosia {unknown}
 A - 3 potions of brilliance {unknown}
 G - a potion of lignification


   Skills:
 + Level 7.0 Fighting
 + Level 9.5 Long Blades
 + Level 7.0 Armour
 + Level 3.5 Dodging
 + Level 0.4 Stealth
 + Level 6.2 Shields
 + Level 3.2 Shapeshifting


You had 8 spell levels left.
You didn't know any spells.
Your spell library contained the following spells:

 Spells                   Type           Power      Damage    Failure   Level
 Freeze                   Ice            0%         1d3       99%         1
 Necrotise                Necr           0%         1d4       99%         1
 Cigotuvi's Dreadful Rot  Necr/Alch/Air  0%         N/A       99%         2
 Lesser Beckoning         Tloc           0%         N/A       99%         2
 Frozen Ramparts          Ice            0%         1d1       100%        3
 Gell's Gravitas          Tloc           0%         N/A       100%        3
 Hailstorm                Conj/Ice       0%         3d5       100%        3
 Teleport Other           Tloc           0%         N/A       100%        3
 Vampiric Draining        Necr           0%         2d6       100%        3
 Dispel Undead            Necr           0%         3d6       100%        4
 Martyr's Knell           Necr/Summ      0%         N/A       100%        4
 Curse of Agony           Necr           0%         N/A       100%        5
 Death Channel            Necr           0%         N/A       100%        6


Dungeon Overview and Level Annotations

Branches:
Dungeon (7/15)             Temple (1/1) D:5         Ossuary (visited)

Altars:
Ashenzari
Cheibriados
Dithmenos
Gozag
Hepliaklqana
Makhleb
Nemelex Xobeh
Qazlal
Ru
Trog
Uskayaw
Vehumet
Wu Jian
Xom
Yredelemnul
Zin
The Shining One


Innate Abilities, Weirdness & Mutations

You are a hulking beast.
Your limbs bulge with bestial killing power. (Slay +1)
You have a pair of horns on your head.
You reflexively headbutt those who attack you in melee.


Message History

Something draws life force from you!
* * * LOW HITPOINT WARNING * * *
You hit something. Something hits you but does no damage. Something bites you!
* * * LOW HITPOINT WARNING * * *
Something draws strength from your injuries!
You feel much better. Something hits you.
* * * LOW HITPOINT WARNING * * *
You block something's attack.
You feel better. Something hits you but does no damage.
Something bites you but does no damage.
Okay, then.
You hit something but do no damage. Your headbutt misses something.
Something hits you but does no damage. Something bites you.
* * * LOW HITPOINT WARNING * * *
Something draws strength from your injuries!
You completely miss something. You headbutt something. Something hits you.
* * * LOW HITPOINT WARNING * * *
You block something's attack.
You miss something. Your headbutt misses something.
Something hits you but does no damage. Something bites you.
* * * LOW HITPOINT WARNING * * *
Something draws strength from your injuries!
You hit something but do no damage. Something hits you but does no damage.
Something bites you but does no damage.
You closely miss something. Your headbutt misses something.
Something hits you but does no damage. Something bites you!
* * * LOW HITPOINT WARNING * * *
Something draws strength from your injuries!
You slash something! Your headbutt misses something. You barely miss something.
Something draws life force from you!
* * * LOW HITPOINT WARNING * * *
You hit something. Your headbutt misses something.
Something hits you but does no damage. Something bites you but does no damage.
You miss something. Something hits you but does no damage.
Something bites you but does no damage.
You slash something! Something hits you but does no damage.
Something bites you but does no damage.
You miss something. You headbutt something.
Something draws life force from you!
You die...

....... #........# .......
#........# .......
#........# #........
##........# #........
##.........#
.........###.........##
.......... #..#.†#......[.#
..........####{.##........##
##.....#......h###.........#
#......####...##
#.....#...## ....... ##.##
##...###...## ....... ##†#
##### #....## .......####..#
#.....# .............#
##....# .............#
###..... .............#
###......[ .............#
#.........


There were no monsters in sight!

Vanquished Creatures
  Eustachio (D:5)
  Menkaure (D:6)
  A water moccasin (D:5)
  Duvessa (D:5)
  An ice beast (D:5)
  A black bear (D:7)
  A sky beast (D:6)
  2 ogres
  A phantom (D:4)
  A weeping skull (Ossuary)
  2 bullfrogs
  2 water moccasin zombies (Ossuary)
  A gnoll sergeant (D:5)
  A scorpion (D:6)
  Dowan (D:5)
  6 killer bees (D:7)
  A howler monkey (D:5)
  4 bullfrog zombies (Ossuary)
  4 hounds
  Crazy Yiuf (D:4)
  A bombardier beetle (D:5)
  A gnoll bouda (D:5)
  An orc priest (D:2)
  A sleepcap (D:6)
  A scorpion zombie (Ossuary)
  An orc wizard (D:6)
  4 iguanas (D:6)
  An ogre zombie (Ossuary)
  10 gnolls
  2 adders
  A white imp (D:7)
  2 ufetubi (D:6)
  4 adder zombies (Ossuary)
  5 dart slugs
  3 ribbon worms
  12 orcs
  6 endoplasms
  3 giant cockroaches
  9 goblins
  10 hobgoblins
  4 jackals (D:2)
  6 kobolds
  2 quokkas
  9 ball pythons
  4 bats
  5 frilled lizards
  3 gnoll zombies (Ossuary)
  A goblin zombie (Ossuary)
  3 hobgoblin zombies (Ossuary)
  An orc zombie (Ossuary)
  4 rats
154 creatures vanquished.

Notes
Turn   | Place    | Note
-------+----------+-------------------------------------------
     0 | D:1      | Peloso the Minotaur Fighter began the quest for the Orb.
     0 | D:1      | Reached XP level 1. HP: 19/19 MP: 0/0
   151 | D:1      | Reached XP level 2. HP: 27/27 MP: 1/1
   534 | D:1      | Reached skill level 3 in Long Blades
   580 | D:1      | Reached XP level 3. HP: 33/33 MP: 2/2
  1473 | D:2      | Found a faded altar of an unknown god.
  1801 | D:3      | Reached XP level 4. HP: 40/40 MP: 3/3
  1806 | D:2      | Reached skill level 1 in Dodging
  2172 | D:3      | Found an ornate altar of the Wu Jian Council.
  2241 | D:3      | Identified the +1 ring mail "Peaxtic" {Str+4}
  2458 | D:4      | Found a glowing golden altar of the Shining One.
  2707 | D:4      | Found a shadowy altar of Dithmenos.
  2749 | D:4      | Found a sand-covered staircase.
  2756 | Ossuary  | Entered an ossuary
  2773 | Ossuary  | Reached skill level 4 in Long Blades
  2790 | Ossuary  | Reached XP level 5. HP: 47/47 MP: 4/4
  2912 | Ossuary  | Reached skill level 5 in Long Blades
  2935 | Ossuary  | Reached skill level 5 in Fighting
  2935 | Ossuary  | Reached XP level 6. HP: 56/56 MP: 5/5
  2971 | Ossuary  | Reached skill level 1 in Shapeshifting
  3083 | Ossuary  | Reached skill level 6 in Long Blades
  3083 | Ossuary  | Reached XP level 7. HP: 61/61 MP: 6/6
  3084 | Ossuary  | Noticed a silent spectre
  3488 | D:4      | Found a sparkling altar of Nemelex Xobeh.
  3685 | D:4      | Found a runed translucent door.
  3686 | D:4      | Noticed Crazy Yiuf
  3833 | D:4      | Killed Crazy Yiuf
  3922 | D:5      | Entered Level 5 of the Dungeon
  4017 | D:5      | Noticed Duvessa
  4018 | D:5      | Found a staircase to the Ecumenical Temple.
  4018 | D:5      | Noticed Dowan
  4032 | D:5      | Killed Duvessa
  4033 | D:5      | Reached skill level 5 in Armour
  4034 | D:5      | Killed Dowan
  4035 | D:5      | Reached skill level 7 in Long Blades
  4052 | Temple   | Entered the Ecumenical Temple
  4280 | D:4      | Found a bloodstained altar of Trog.
  4285 | D:4      | Reached XP level 8. HP: 68/70 MP: 7/7
  4353 | D:5      | Found a hazy altar of Hepliaklqana.
  4500 | D:5      | Found an opulent altar of Gozag.
  4768 | D:5      | Found a broken altar of Ashenzari.
  4853 | D:5      | Found a radiant altar of Vehumet.
  4853 | D:5      | Found a sacrificial altar of Ru.
  4853 | D:5      | Noticed Eustachio
  4870 | D:5      | Killed Eustachio
  4871 | D:5      | Reached skill level 5 in Shields
  4984 | D:6      | Reached skill level 8 in Long Blades
  5136 | D:6      | Noticed Menkaure
  5139 | D:6      | Killed Menkaure
  5259 | D:6      | Reached XP level 9. HP: 75/78 MP: 8/8
  5272 | D:6      | Reached skill level 9 in Long Blades
  5831 | D:7      | Found a burning altar of Makhleb.
  6029 | D:7      | Killed from afar by a vampire

Illustrated notes

Levels and vault maps discovered:
D:1:      eino_arrival_druids_welcome, layout_loops_ring
D:2:      layout_loops_cross, dreamdust_ecumenical_altar_sealed_demon,
          amcnicky_mini_rare_corridor_liquid, minmay_randomly_rotated_circles
D:3:      layout_rooms, lemuel_round_altar
D:4:      layout_loops_ring, nicolae_overflow_hidden_temple,
          nemelex_dance_club_becter, mainiacjoe_overflow_concentric_impassable,
          mainiacjoe_overflow_alcove_4, lightli_ossuary_entry_decrepit_ruins,
          uniq_crazy_yiuf_cottage
D:5:      layout_rooms, lemuel_coloured_pillars_altar,
          mainiacjoe_overflow_large_starburst, evilmike_ruin_ashenzari,
          mainiacjoe_overflow_tiny_flanked,
          minmay_temple_entry_drinking_statues, uniq_duvessa, uniq_eustachio
D:6:      layout_rooms, nicolae_twisty_statue_hallways, uniq_menkaure
D:7:      layout_cave_pods, grunt_temple_overflow_growth_and_decay,
          bloody_makhleb
Temple:   nicolae_temple_stand_before_the_council

Skill      XL: |  1  2  3  4  5  6  7  8  9 |
---------------+----------------------------+-----
Fighting       | 4 5 6 7 |  7.0
Long Blades    | 3 4 5 6 7 8 9 |  9.5
Shields        | 4 5 6 |  6.2
Armour         | 4 5 6 7 |  7.0
Dodging        | 1 2 3 |  3.5
Shapeshifting  | 1 2 3 |  3.2
Stealth        | |  0.4

Action                     |  1- 3 |  4- 6 |  7- 9 || total
---------------------------+-------+-------+-------++-------
  Melee: Long sword        |   114 |   141 |   240 ||   495
         Headbutt          |     9 |    31 |    54 ||    94
    Use: Scroll            |     7 |     2 |    10 ||    19
         Potion            |       |     1 |     4 ||     5
 Armour: Scale mail        |   119 |    88 |     8 ||   215
         Chain mail        |       |       |   312 ||   312
  Dodge: Dodged            |    71 |    84 |   144 ||   299
  Block: Buckler           |    24 |    44 |    93 ||   161
   Form: Beast             |     2 |       |       ||     2
         Maw               |     1 |       |       ||     1
